 Dungeon Crawl Stone Soup version 0.32-a0-694-g5251a91 (webtiles) character file.

Game seed: 7106290045663428524

331 Toastz the Changeling (level 6, -5/47 HPs)
             Began as a Merfolk Shapeshifter on Mar 12, 2024.
             Was a Follower of Okawaru.
             Slain by a gnoll
             ... wielding a +0 halberd
             ... led by a gnoll sergeant
              (13 damage)
             ... on level 5 of the Dungeon.
             The game lasted 00:05:30 (3559 turns).

Toastz the Changeling (Merfolk Shapeshifter)        Turns: 3559, Time: 00:05:30

Health: -5/47      AC:  6    Str: 16    XL:     6   Next: 51%
Magic:  6/6        EV: 11    Int:  9    God:    Okawaru [*.....]
Gold:   185        SH:  0    Dex: 14    Spells: 5/5 levels left

rFire   . .          .
                       - Unarmed
rCold   + . .        (no shield)
rNeg    . . .        k - +0 scale mail
rPois   .            (helmet currently unavailable)
rElec   .            (cloak currently unavailable)
rCorr   +            (gloves currently unavailable)
SInv    .            (boots currently unavailable)
Will    .....        u - amulet of regeneration Stlth
                     f - ring of resist corrosion
HPRegen 1.07/turn    n - ring of protection from cold
MPRegen 0.10/turn

%: no passive effects
@: beast-form
A: beast (slay +3), (nimble swimmer 2), mertail
a: Begin Untransformation, Renounce Religion, Heroism


You were on level 5 of the Dungeon.
You worshipped Okawaru.
Okawaru was aware of your devotion.
You were a hulking beast.
You visited 2 branches of the dungeon, and saw 6 of its levels.

You collected 185 gold pieces.

Inventory:

Missiles
 e - 6 poisoned darts (quivered)
Armour
 k - a +0 scale mail (worn)
 o - a +0 ring mail
 r - a +1 helmet
Jewellery
 f - a ring of resist corrosion (left hand)
 n - a ring of protection from cold (right hand)
 u - an amulet of regeneration (around neck)
 w - a ring of wizardry
Talismans
 c - a beast talisman (active)
 d - a flux talisman
Scrolls
 g - 2 scrolls of teleportation {unknown}
 i - a scroll of brand weapon {unknown}
 m - 3 scrolls of noise {unknown}
 p - 2 scrolls of immolation {unknown}
 q - a scroll of torment {unknown}
 s - a scroll of enchant armour {unknown}
 t - a scroll of blinking {unknown}
 v - a scroll of fog {unknown}
 x - a scroll of identify {unknown}
 y - a scroll of vulnerability {unknown}
Potions
 a - 2 potions of heal wounds {unknown}
 b - a potion of lignification
 h - a potion of curing {unknown}
 j - a potion of mutation {unknown}
 l - a potion of degeneration {unknown}
 z - a potion of magic {unknown}
 A - a potion of attraction {unknown}


   Skills:
 + Level 3.1 Fighting
 + Level 4.5 Dodging
 + Level 4.5 Unarmed Combat
 * Level 6.3 Shapeshifting


You had 5 spell levels left.
You didn't know any spells.
Your spell library contained the following spells:

 Spells                   Type           Power      Damage    Failure   Level
 Lesser Beckoning         Tloc           0%         N/A       93%         2
 Gell's Gravitas          Tloc           0%         N/A       99%         3
 Teleport Other           Tloc           0%         N/A       99%         3
 Passage of Golubria      Tloc           0%         N/A       100%        4
 Yara's Violent Unravell  Hex/Alch       0%         3d3       100%        5
 Tukima's Dance           Hex            Unusable   N/A       N/A         3

Dungeon Overview and Level Annotations

Branches:
Dungeon (5/15)             Temple (1/1) D:4

Altars:
Cheibriados
Dithmenos
Elyvilon
Gozag
Hepliaklqana
Makhleb
Okawaru
Qazlal
Ru
Uskayaw
Vehumet
Xom
Zin

Shops:
D:2 (


Innate Abilities, Weirdness & Mutations

You are a hulking beast.
Your limbs bulge with bestial killing power. (Slay +3)
((You are very nimble when in or above water. (Stealth+, EV+, Speed+++)))
Your lower body shifts to a powerful aquatic tail in water.


Message History

The gnoll shouts!
You hear a shout! x2
A gnoll comes into view. It is wielding a +0 halberd.
A gnoll comes into view. It is wielding a +0 flail.
A gnoll comes into view. It is wielding a +0 spear.
The gnoll shouts!
You hit the gnoll.
The gnoll is lightly wounded.
The gnoll hits you but does no damage.
You closely miss the gnoll.
The gnoll is lightly wounded.
A gnoll comes into view. It is wielding a +0 club.
The gnoll hits you from afar with a +0 halberd.
The gnoll barely misses you.
The gnoll shouts!
You punch the gnoll!
The gnoll is severely wounded.
The gnoll closely misses you.
A gnoll sergeant comes into view. It is wielding a +2 vampiric spear.
The gnoll hits you with a +0 club.
You hit the gnoll.
You kill the gnoll!
Okawaru accepts your kill.
You can now gain great but temporary skills.
The gnoll hits you from afar with a +0 halberd.
The gnoll barely misses you. The gnoll hits you with a +0 spear.
The gnoll hits you with a +0 flail.
You punch the gnoll!
The gnoll is severely wounded.
You hit the gnoll.
The gnoll is almost dead.
The gnoll hits you with a +0 flail! The gnoll hits you but does no damage.
You hit the gnoll but do no damage.
The gnoll is almost dead.
The gnoll hits you with a +0 flail! The gnoll hits you with a +0 halberd.
* * * LOW HITPOINT WARNING * * *
The gnoll closely misses you. The gnoll attacks as it pursues you!
The gnoll hits you with a +0 flail.
* * * LOW HITPOINT WARNING * * *
The gnoll hits you from afar with a +0 halberd!
You die...

#. #..... .........
##.###..... .........
#.......... ........
#.......#.# #.......
#.......#.#+#....#
#.......#........###.
#....................
##....#.#...ggg......
+....#.....hgg......
#....#..............
#....#..............
###......###........
#.<....# ####...#.
#......# ...#
#......# ...#
#......# .# #........


You could see a gnoll sergeant and 4 gnolls.

Vanquished Creatures
  A phantom (D:4)
  A scorpion (D:5)
  A jelly (D:4)
  An orc priest (D:4)
  2 iguanas
  A gnoll (D:5)
  3 adders (D:2)
  A dart slug (D:1)
  6 orcs (D:4)
  7 bats
  An endoplasm (D:1)
  2 giant cockroaches
  6 goblins
  10 hobgoblins
  A quokka (D:2)
  5 ball pythons
  2 frilled lizards
  3 kobolds
  2 rats
56 creatures vanquished.

Notes
Turn   | Place    | Note
-------+----------+-------------------------------------------
     0 | D:1      | Toastz the Merfolk Shapeshifter began the quest for the
                  | Orb.
     0 | D:1      | Reached XP level 1. HP: 15/15 MP: 1/1
     2 | D:1      | Noticed a minotaur
     2 | D:1      | Noticed a troll
     4 | D:1      | Noticed a naga
     4 | D:1      | Noticed a tengu
     6 | D:1      | Noticed a barachi
     8 | D:1      | Noticed a djinni
     8 | D:1      | Noticed an armataur
    10 | D:1      | Noticed a dwarf
    10 | D:1      | Noticed a demigod
    12 | D:1      | Noticed a formicid
    12 | D:1      | Noticed a draconian
    14 | D:1      | Noticed a gargoyle
    16 | D:1      | Noticed a ghoul
    16 | D:1      | Noticed a felid
    18 | D:1      | Noticed a demonspawn
    20 | D:1      | Noticed an octopode
    20 | D:1      | Noticed a merfolk
    22 | D:1      | Noticed an elf
    24 | D:1      | Noticed a vampire
    24 | D:1      | Noticed a human
    26 | D:1      | Noticed a vine stalker
    26 | D:1      | Noticed a spriggan
    28 | D:1      | Noticed an oni
   113 | D:1      | Reached XP level 2. HP: 21/21 MP: 2/2
   252 | D:1      | You fall into a shaft and drop 1 floor!
   252 | D:2      | Found Zaizauf's Weapon Shop.
   494 | D:1      | Reached XP level 3. HP: 25/26 MP: 3/3
  1894 | D:3      | Reached XP level 4. HP: 33/33 MP: 4/4
  2120 | D:3      | Reached skill level 5 in Shapeshifting
  2532 | D:4      | Reached XP level 5. HP: 34/38 MP: 5/5
  2560 | D:4      | Found a staircase to the Ecumenical Temple.
  2576 | Temple   | Entered the Ecumenical Temple
  2586 | Temple   | Became a worshipper of Warmaster Okawaru
  2776 | D:4      | Found a stormy altar of Qazlal.
  3415 | D:4      | Noticed a phantom
  3424 | D:4      | Killed a phantom
  3425 | D:4      | Reached skill level 6 in Shapeshifting
  3425 | D:4      | Reached XP level 6. HP: 44/46 MP: 6/6
  3528 | D:5      | Entered Level 5 of the Dungeon
  3554 | D:5      | Reached * piety under Okawaru
  3559 | D:5      | Slain by a gnoll

Illustrated notes

Levels and vault maps discovered:
D:1:      kb_arrival_jail, layout_basic, minmay_tromino_v4_a
D:2:      layout_basic, serial_shops, shop
D:3:      layout_basic
D:4:      corexii_shack_village, layout_basic,
          mainiacjoe_overflow_concentric_impassable,
          minmay_temple_entry_offerings
D:5:      layout_basic, fedhas_ov_isle_minmay,
          lightli_ossuary_entry_decrepit_ruins, blue_anna_alchemist
Temple:   nicolae_temple_no_exploring_needed

Skill      XL: |  1  2  3  4  5  6 |
---------------+-------------------+-----
Dodging        | 3 4 |  4.5
Fighting       | 2 3 |  3.1
Shapeshifting  | 5 6 |  6.3
Unarmed Combat | 4 |  4.5

Action                     |  1- 3 |  4- 6 || total
---------------------------+-------+-------++-------
  Melee: Unarmed           |    90 |    98 ||   188
         Punch             |     2 |     3 ||     5
 Armour: Animal skin       |    11 |       ||    11
         Scale mail        |    47 |    59 ||   106
         Skin              |     1 |       ||     1
  Dodge: Dodged            |    50 |    48 ||    98

Table legend: (Time is in decaauts)
 A = Elapsed time spent in this place.
 B = Non-inter-level travel time spent in this place.
 C = Inter-level travel time spent in this place.
 D = Time resting spent in this place.
 E = Time spent auto-exploring this place.
 F = Levels seen in this place.
 G = Mean time per level.
                   A        B        C        D        E       F      G
               +--------+--------+--------+--------+--------+-----+--------+
         Total |   3542 |   3392 |    150 |    145 |   2716 |   6 |  590.3 |
       Dungeon |   3526 |   3380 |    146 |    145 |   2716 |   5 |  705.2 |
        Temple |     15 |     11 |      4 |      0 |      0 |   1 |   15.0 |
               +--------+--------+--------+--------+--------+-----+--------+

Top non-repeatable levels by time:
     D:2: 1142 daAuts
     D:4: 1025 daAuts
     D:3: 687 daAuts
     D:1: 641 daAuts
     D:5: 29 daAuts
  Temple: 15 daAuts
